AoeStats
← Foxiliuth

Black Forest

510111783Analyzed
2v2 RM · 2d ago on Sep 29, 2026· 64m 36s· 4 players
Game mode
Random Map
Map size
Medium (4 player)
Population
200
Speed
Normal
Resources
Standard
Victory
Conquest
Starting age
Dark Age
Ending age
Imperial Age
RankedLock teamsTeams togetherTeam positionsShared explorationLock speedFull tech treeHidden civsTurbo modeCheats
Victory
Defeat
996
+15
🇨🇱 Magyars · Chile
969
+16
🇬🇧 Britons · United Kingdom
1019
-17
🇪🇬 Goths · Egypt
934
-14
maximilianogilsandoval
0:50 Loom
13:42 Feudal Age
17:52 Castle Age
17:40 Double-Bit Axe
19:00 Horse Collar
24:39 Murder Holes
31:41 Stone Mining
32:40 Heavy Plow
37:19 Gold Mining
38:13 Wheelbarrow
38:02 Bow Saw
40:57 Hand Cart
42:53 Gold Shaft Mining
42:23 Elite Skirmisher
43:00 Fletching
43:10 Padded Archer Armor
44:47 Bodkin Arrow
45:08 Leather Archer Armor
49:07 Imperial Age
46:52 Forging
47:24 Ballistics
48:43 Yeomen
50:07 Bracer
50:37 Ring Archer Armor
50:36 Conscription
51:44 Chemistry
51:06 Husbandry
50:27 Light Cavalry
55:06 Two-Man Saw
54:53 Hoardings
60:45 Elite Longbowman
Foxiliuth
0:34 Loom
12:31 Feudal Age
14:21 Double-Bit Axe
16:42 Stone Mining
16:38 Horse Collar
20:15 Wheelbarrow
22:59 Castle Age
24:34 Gold Mining
27:15 Gold Shaft Mining
27:29 Town Watch
28:28 Fletching
28:46 Scale Barding Armor
29:06 Corvinian Army
30:50 Hand Cart
31:02 Chain Barding Armor
30:38 Bodkin Arrow
30:44 Padded Archer Armor
32:37 Town Patrol
33:09 Heavy Plow
33:23 Bow Saw
33:18 Caravan
34:37 Elite Skirmisher
35:37 Leather Archer Armor
38:31 Imperial Age
44:33 Elite Magyar Huszar
56:28 Conscription
58:12 Plate Barding Armor
59:52 Bloodlines
59:43 Husbandry
61:31 Bracer
SGSCavalry80
0:58 Loom
10:33 Feudal Age
11:13 Double-Bit Axe
11:10 Horse Collar
17:00 Wheelbarrow
16:44 Gold Mining
20:43 Castle Age
18:57 Padded Archer Armor
19:12 Fletching
20:15 Stone Mining
20:53 Forging
20:44 Scale Mail Armor
22:10 Heavy Plow
23:42 Bow Saw
23:58 Fortified Wall
24:17 Ballistics
26:49 Town Watch
30:07 Imperial Age
28:44 Squires
28:43 Bodkin Arrow
29:16 Leather Archer Armor
29:37 Iron Casting
29:18 Chain Mail Armor
29:00 Pikeman
30:47 Hand Cart
32:30 Conscription
32:07 Treadmill Crane
32:37 Masonry
32:16 Halberdier
33:44 Elite Longbowman
34:57 Capped Ram
39:07 Yeomen
44:11 Bracer
44:45 Ring Archer Armor
46:09 Chemistry
45:39 Architecture
45:15 Siege Engineers
46:32 Warwolf
54:19 Gold Shaft Mining
58:35 Light Cavalry
59:30 Scale Barding Armor
60:26 Blast Furnace
59:57 Plate Mail Armor
61:09 Husbandry
62:20 Onager
Hazem
1:08 Loom
12:18 Feudal Age
17:57 Castle Age
15:24 Man-at-Arms
18:44 Forging
18:47 Long Swordsman
25:13 Wheelbarrow
25:47 Squires
26:24 Iron Casting
26:56 Scale Mail Armor
Connection lost

Rejoining the realm…

Still unreachable

The connection could not be restored.

Session expired

The server has moved on; the page needs a fresh start.